Map: Orbital Depot

Players

LeoToraKai

  • Race: Zerg Zerg
  • Spawn Location: 9:00

benbossabc

  • Race: Terran Terran
  • Spawn Location: 7:00

Minot

  • Race: Terran Terran
  • Spawn Location: 9:00

Loken - Winner!

  • Race: Zerg Zerg
  • League: Platinum
  • Spawn Location: 3:00

Myran - Winner!

  • Race: Protoss Protoss
  • Spawn Location: 3:00

dallaskuken - Winner!

  • Race: Protoss Protoss
  • League: Platinum
  • Spawn Location: 1:00

VOD

Have the link to the VOD?

Description

Time

  • Played on: April 5, 2017, 6:07 p.m.
  • Length: 7:33
Show
View Real Time Build Order
Export as new Build Order

LeoToraKai Zerg 

Build Orders: Pool First 

Get SALT Encoding   

  12  0:07  Drone  
  13  0:18  Drone  
  14  0:22  Overlord  
  14  0:38  Spawning Pool  
  14  0:39  Drone  
  14  0:45  Drone  
  15  0:52  Drone x2  
  17  1:02  Drone  
  18  1:35  Zergling x2  
  21  1:43  Queen  
  21  1:48  Overlord  
  20  2:07  Zergling x2  
  21  2:25  Extractor  
  21  2:28  Zergling x4  
  22  2:37  Hatchery, Zergling x2  
  22  2:41  Drone  
  23  2:51  Drone  
  24  2:57  Drone x3  
  27  3:22  Queen  
  29  3:32  Zergling x2  
  30  3:36  Overlord  
  30  3:37  Overlord  
  30  3:44  Overlord  
  29  3:58  Queen  
  31  4:09  Zergling x4  
  33  4:10  Zergling x6  
  33  4:12  Drone  
  37  4:19  Metabolic Boost  
  37  4:22  Zergling x2  
  37  4:23  Zergling x2  
  40  4:24  Zergling x2  
  40  4:34  Queen  
  35  4:56  Zergling x8  
  35  4:57  Zergling x2  
  33  5:30  Zergling x2  
  33  5:31  Zergling x10  
  33  5:34  Zergling x2  
  33  5:35  Zergling x8  
  40  6:10  Zergling x10  
  45  6:13  Zergling x8  
  45  6:14  Zergling x2  
  50  6:22  Baneling Nest  
  50  6:25  Zergling x4  
  50  6:26  Extractor  
  28  7:04  Zergling x6  
  28  7:05  Zergling x2  
  32  7:13  Zergling x2  
  32  7:14  Zergling x10  
Show
View Real Time Build Order
Export as new Build Order

benbossabc Terran 

Build Orders:  

Get SALT Encoding   

  12  0:02  SCV  
  13  0:14  SCV  
  13  0:17  Supply Depot  
  14  0:26  SCV  
  14  0:27  Refinery  
  15  0:43  SCV, Barracks  
  16  0:57  SCV  
  16  0:58  Barracks  
  17  1:10  SCV  
  18  1:19  Supply Depot  
  18  1:22  SCV  
  19  1:31  Barracks Tech Lab  
  19  1:35  SCV  
  20  1:44  Supply Depot, Engineering Bay  
  20  1:47  Barracks Reactor  
  20  1:49  Marine  
  21  1:57  Orbital Command  
  21  2:07  Marine  
  22  2:12  Refinery  
  22  2:25  Marine  
  23  2:34  Marine  
  23  2:35  Marine  
  25  2:38  Stimpack  
  25  2:47  Marauder  
  27  2:52  Marine x2  
  27  2:57  Barracks  
  29  3:00  Terran Infantry Weapons Level 1  
  29  3:07  Command Center  
  29  3:08  Marauder  
  29  3:10  Marine x2  
  33  3:28  Marine x2  
  33  3:32  Marauder  
  37  3:46  Marine x2  
  37  3:48  Supply Depot  
  39  3:52  Supply Depot  
  39  3:59  Barracks Reactor  
  39  4:09  Marauder, Marine x2  
  43  4:31  Marauder  
  32  4:41  SCV  
  32  4:54  SCV  
  33  5:06  SCV  
  24  5:26  Marauder, Marine x4  
  23  5:44  Marine  
  23  5:47  Marauder  
  26  6:11  SCV  
  26  6:18  Marauder  
  29  6:19  Marine x2  
  29  6:20  Marine x2  
  29  6:23  SCV  
  34  6:35  SCV  
  34  6:37  Marine x3  
  34  6:39  Marauder  
  38  7:01  Marauder  
  36  7:05  Marine x3  
  36  7:06  Marine  
Show
View Real Time Build Order
Export as new Build Order

Minot Terran 

Build Orders:  

Get SALT Encoding   

  12  0:01  SCV  
  13  0:13  SCV  
  14  0:21  Supply Depot  
  14  0:29  SCV  
  14  0:35  Refinery  
  15  0:43  SCV  
  15  0:49  Barracks  
  16  1:00  Supply Depot  
  16  1:05  SCV  
  17  1:17  SCV  
  18  1:37  Marine  
  11  1:55  Marine  
  11  2:08  SCV  
  12  2:21  SCV  
  13  2:33  SCV  
  14  2:42  Supply Depot  
  14  2:50  Barracks Tech Lab  
  14  3:10  Barracks  
  14  3:20  Marine  
  15  3:38  Marine  
  15  3:39  SCV  
  17  3:51  SCV  
  18  4:04  SCV  
  18  4:06  Barracks  
  19  4:23  Barracks  
  19  4:24  Barracks  
  19  4:36  Marine x2  
  21  4:54  Marine x2  
  23  5:06  Marine  
  24  5:12  Marine x2  
  24  5:13  Marine  
  27  5:21  Stimpack  
  27  5:24  Marine  
  27  5:27  Marine  
  29  5:29  Marine  
  29  5:30  Marine  
  29  5:31  Marine  
  32  5:38  SCV  
  32  5:42  Marine  
  34  5:45  Marine  
  34  5:47  Marine x2  
  37  5:50  Marine  
  38  5:59  Marine  
  39  6:28  Supply Depot  
  39  6:36  Supply Depot  
  39  6:49  SCV, Marine x5  
  40  7:07  Marine x3  
  40  7:14  Marine x2  
Show
View Real Time Build Order
Export as new Build Order

Loken Zerg - Winner!

Build Orders: Hatch First 

Get SALT Encoding   

  12  0:01  Drone  
  13  0:08  Drone  
  14  0:18  Overlord  
  14  0:37  Drone x3  
  17  0:49  Drone  
  18  1:01  Drone  
  18  1:02  Hatchery  
  18  1:10  Drone  
  19  1:20  Spawning Pool  
  18  1:34  Extractor  
  17  1:53  Drone x3  
  20  2:10  Queen  
  20  2:13  Queen  
  24  2:18  Zergling x6  
  27  2:28  Overlord x2  
  27  2:39  Metabolic Boost  
  27  2:46  Drone x2  
  29  2:55  Drone x2  
  31  3:20  Zergling x12  
  37  3:28  Zergling x2  
  37  3:29  Zergling x10  
  43  3:38  Lair  
  43  4:00  Overlord x5  
  43  4:01  Overlord  
  43  4:23  Hatchery  
  42  4:49  Zergling x10  
  42  4:50  Zergling x14  
  33  5:26  Drone  
  33  5:27  Drone x5  
  38  5:39  Queen  
  38  5:41  Zergling x6  
  38  6:06  Zergling x24  
  50  6:21  Hydralisk Den  
  49  6:27  Zergling x10  
  54  6:35  Zergling x16  
  54  6:39  Extractor  
  61  6:40  Drone  
  61  6:41  Extractor  
  48  7:08  Zergling x2  
  48  7:09  Zergling x24  
Show
View Real Time Build Order
Export as new Build Order

Myran Protoss - Winner!

Build Orders:  

Get SALT Encoding   

  12  0:01  Probe (Chrono Boost)  
  13  0:15  Pylon  
  13  0:18  Probe (Chrono Boost)  
  14  0:33  Forge  
  14  0:37  Probe (Chrono Boost)  
  15  0:48  Pylon  
  15  0:55  Probe (Chrono Boost)  
  16  1:09  Photon Cannon  
  16  1:17  Photon Cannon  
  16  1:21  Pylon  
  16  1:29  Pylon  
  15  1:50  Probe (Chrono Boost)  
  16  1:54  Gateway  
  16  1:59  Assimilator  
  16  2:00  Probe (Chrono Boost)  
  17  2:11  Probe (Chrono Boost)  
  18  2:17  Pylon  
  18  2:26  Probe (Chrono Boost)  
  19  2:40  Probe (Chrono Boost)  
  20  2:49  Nexus  
  20  2:50  Cybernetics Core  
  20  2:53  Probe (Chrono Boost)  
  21  3:16  Probe (Chrono Boost)  
  22  3:25  Assimilator  
  22  3:27  Probe (Chrono Boost)  
  22  3:29  Gateway  
  22  3:30  Stalker  
  22  3:33  Warp Gate  
  25  3:38  Probe (Chrono Boost)  
  26  3:42  Pylon  
  26  3:48  Probe (Chrono Boost)  
  27  4:00  Stalker  
  27  4:02  Probe (Chrono Boost)  
  30  4:05  Probe (Chrono Boost)  
  31  4:12  Probe (Chrono Boost)  
  31  4:14  Assimilator  
  31  4:16  Probe (Chrono Boost)  
  33  4:23  Probe (Chrono Boost)  
  34  4:30  Stalker  
  36  4:33  Probe (Chrono Boost)  
  37  4:44  Stalker, Probe (Chrono Boost)  
  40  4:46  Probe (Chrono Boost)  
  40  4:52  Protoss Ground Weapons Level 1  
  41  4:54  Probe (Chrono Boost)  
  41  4:57  Probe (Chrono Boost)  
  41  4:59  Gateway  
  43  5:00  Forge  
  43  5:04  Pylon  
  43  5:06  Pylon  
  43  5:08  Probe (Chrono Boost)  
  43  5:14  Photon Cannon  
  44  5:16  Photon Cannon  
  44  5:19  Probe (Chrono Boost)  
  45  5:29  Probe (Chrono Boost)  
  46  5:37  Stalker x2  
  50  5:48  Gateway  
  50  5:50  Gateway  
  50  5:54  Pylon  
  50  5:56  Pylon  
  50  6:00  Stalker x2  
  54  6:08  Probe (Chrono Boost)  
  55  6:19  Probe (Chrono Boost)  
  56  6:26  Pylon  
  56  6:28  Photon Cannon  
  56  6:31  Photon Cannon, Probe (Chrono Boost)  
  57  6:34  Stalker x3  
  61  7:08  Stalker x3  
  63  7:09  Stalker x2  
  63  7:13  Photon Cannon  
  63  7:15  Probe (Chrono Boost)  
  72  7:19  Assimilator  
Show
View Real Time Build Order
Export as new Build Order

dallaskuken Protoss - Winner!

Build Orders:  

Get SALT Encoding   

  12  0:01  Probe (Chrono Boost)  
  13  0:12  Pylon  
  13  0:16  Probe (Chrono Boost)  
  14  0:27  Assimilator, Probe (Chrono Boost)  
  15  0:36  Gateway  
  15  0:39  Probe (Chrono Boost)  
  16  0:49  Probe (Chrono Boost)  
  17  0:50  Gateway  
  17  0:58  Assimilator  
  17  1:00  Probe (Chrono Boost)  
  18  1:10  Probe (Chrono Boost)  
  19  1:13  Pylon  
  19  1:23  Cybernetics Core  
  19  1:25  Probe (Chrono Boost)  
  20  1:36  Probe (Chrono Boost)  
  21  1:52  Probe (Chrono Boost)  
  22  1:57  Warp Gate  
  22  1:58  Gateway  
  22  2:01  Gateway  
  22  2:02  Stalker  
  22  2:03  Mothership Core (Chrono Boost)  
  26  2:09  Stalker  
  28  2:34  Stalker  
  30  2:45  Pylon  
  30  2:46  Pylon  
  30  3:16  Nexus  
  26  3:37  Pylon  
  26  3:39  Pylon  
  26  4:12  Stalker x4  
  26  4:16  Gateway  
  34  4:19  Gateway  
  35  4:24  Probe (Chrono Boost)  
  35  4:36  Probe (Chrono Boost)  
  36  4:48  Probe (Chrono Boost)  
  34  5:00  Probe (Chrono Boost)  
  34  5:02  Stalker x4  
  36  5:27  Probe (Chrono Boost)  
  37  5:30  Stalker x4, Pylon  
  45  5:38  Probe (Chrono Boost)  
  46  5:48  Probe (Chrono Boost)  
  47  5:59  Stalker x3, Probe (Chrono Boost)  
  47  6:00  Stalker  
  54  6:12  Sentry x2  
  54  6:16  Probe (Chrono Boost)  
  59  6:23  Assimilator  
  59  6:25  Assimilator  
  59  6:26  Zealot x2, Probe (Chrono Boost)  
  64  6:34  Robotics Facility  
  64  6:37  Probe (Chrono Boost)  
  59  7:02  Stalker x4  
  59  7:06  Pylon  
  57  7:25  Stalker x4  
Tags
 
Add a new tag
Caveats
  • Supply blocks, unpowered buildings, or Contaminate may cause inaccurate times.
  • Supply counts are checked every 10 seconds.